 Dungeon Sprint DCSS version 0.30-a0-42-g806c11bf1d (webtiles) character file.

Game seed: 9740997308996984348

4589 mhtbhm the Eclecticist (level 10, 0/78 HPs)
             Began as a Deep Elf Earth Elementalist on Aug 31, 2022.
             Was the Champion of Vehumet.
             Killed from afar by a deep elf pyromancer (6 damage)
             ... with a sticky flame
             ... in the Dungeon (Sprint III: "The Ten Rune Challenge").
             The game lasted 00:05:52 (1435 turns).

mhtbhm the Eclecticist (DEEE)                       Turns: 1435, Time: 00:05:52

Health: 0/78       AC:  4    Str:  5    XL:     10   Next: 18%
Magic:  19/33      EV: 15    Int: 25    God:    Vehumet [******]
Gold:   1160       SH:  0    Dex: 15    Spells: 33/49 levels left

rFire   + . .      SeeInvis .    (no weapon)
rCold   . . .      Faith    +    (no shield)
rNeg    . . .      Spirit   .    a - +2 robe {Will+}
rPois   .          Reflect  .    (no helmet)
rElec   .          Harm     .    (no cloak)
rCorr   .          Rampage  .    (no gloves)
Will    ++...      NoTele   +    (no boots)
Stlth   ..........               h - amulet of faith
HPRegen 0.23/turn                (no ring)
MPRegen 0.23/turn                (no ring)

@: berserking (expiring), on fire, glowing, very quick
A: fire resistance 1, low MP 1
a: Renounce Religion


You were in the Dungeon.
You worshipped Vehumet.
Vehumet was exalted by your worship.
You visited 1 branch You collected 1332 gold pieces.
You spent 172 gold pieces at shops.

Inventory:

Armour
 a - a +2 robe of willpower (worn)
Jewellery
 h - an amulet of faith (around neck)
Wands
 d - a wand of charming (4)
Scrolls
 c - a scroll of blinking
 j - a scroll of poison {unknown}
 k - a scroll of butterflies {unknown}
 m - a scroll of immolation {unknown}
 n - a scroll of identify {unknown}
Potions
 b - 3 potions of magic
 i - 3 potions of mutation
 l - 2 potions of flight {unknown}
Miscellaneous
 e - a phantom mirror (inert)


   Skills:
 + Level 1.6 Fighting
 + Level 7.5 Dodging
 + Level 5.8 Stealth
 + Level 20.4 Spellcasting
 + Level 3.3 Conjurations
 + Level 2.8 Hexes
 + Level 3.1 Transmutations
 + Level 3.0 Fire Magic
 + Level 1.0 Air Magic
 + Level 16.8 Earth Magic
 + Level 0.9 Poison Magic
 + Level 0.7 Evocations


You had 33 spell levels left.
You knew the following spells:

 Your Spells              Type           Power      Damage    Failure   Level
a - Sandblast             Erth           100%       2d20      0%          1
b - Passwall              Tmut/Erth      55%        N/A       1%          2
c - Stone Arrow           Conj/Erth      100%       3d13      1%          3
d - Petrify               Tmut/Erth      66%        N/A       1%          4
e - Inner Flame           Hex/Fire       40%        N/A       1%          3
f - Mephitic Cloud        Conj/Pois/Air  34%        N/A       1%          3

Your spell library contained the following spells:

 Spells                   Type           Power      Damage    Failure   Level
 Iskenderun's Battlesphe  Conj           42%        2d9       3%          5
 Cause Fear               Hex            19%        N/A       5%          4
 Discord                  Hex            19%        N/A       100%        8


Dungeon Overview and Level Annotations

Branches:
Dungeon (1/1)

Altars:
Cheibriados
Dithmenos
Elyvilon
Fedhas
Gozag
Hepliaklqana
Kikubaaqudgha
Makhleb
Nemelex Xobeh
Okawaru
Qazlal
Ru
Sif Muna
Trog
Uskayaw
Vehumet
Wu Jian
Xom
Yredelemnul
Zin
The Shining One
Jiyva
Lugonu

Shops:
D *


Innate Abilities, Weirdness & Mutations

Your flesh is heat resistant. (rF+)
Your magical capacity is low. (-10% MP)


Message History

* * * LOW HITPOINT WARNING * * *
Your life force feels restored.
Your Fire Magic skill increases to level 3!
Your Air Magic skill increases to level 1!
Unknown command.
Unknown command.
Okay, then.
Aiming: Phantom Mirror
Press: ? - help, Dir - move target, f - deep elf pyromancer
Aim: a deep elf pyromancer, wielding a +0 dagger You reflect the deep elf pyromancer with the mirror!
The mirror clouds!
The deep elf pyromancer hits you with a +0 dagger.
* * * LOW HITPOINT WARNING * * *
Your deep elf pyromancer hits the deep elf pyromancer with a +0 dagger.
Unknown command.
Okay, then.
Aiming: Charm
Press: ? - help, Shift-Dir - straight line, f/p - deep elf pyromancer
Aim: a deep elf pyromancer, wielding a +0 dagger (lightly wounded, ally target, chance to affect: 32%)
Okay, then.
Unknown command.
A red film seems to cover your vision as you go berserk!
You feel yourself moving faster!
You feel mighty!
The deep elf pyromancer mumbles some strange words.
The deep elf pyromancer blinks!
Your deep elf pyromancer closely misses the deep elf pyromancer.
You feel a strong urge to attack something.
Your deep elf pyromancer barely misses the deep elf pyromancer.
The deep elf pyromancer hits your deep elf pyromancer with a +0 dagger.
Items here: )))) ††.
You swap places.
You barely miss the deep elf pyromancer.
The deep elf pyromancer is lightly wounded.
The deep elf pyromancer hits you with a +0 dagger.
* * * LOW HITPOINT WARNING * * *
The deep elf pyromancer gestures at you while chanting.
The sticky flame hits you. You resist.
You are covered in liquid flames!
You die...

▓▓▓ ▓▓▓▓▓
#####.####.#.#########
_#__#..##.._∩..'.#...#
)#)_#.........##.#...##≈
##'##))).....#.#e#...≈≈≈
....#)))..)....#.#...##≈
....#)##.#.#####@e...#
###'#)###.## #######
#...#'##### #...#..[§§+
#...#.#~~§# #...'.#.§.#
'...#.#...# ▓▓▓▓▓▓▓▓▓▓▓


You could see a deep elf pyromancer (ally target) and a friendly deep elf
pyromancer (summoned, drained).

Vanquished Creatures
  Erica (D)
  A deep elf knight (D)
  3 deep elf pyromancers (D)
  A deep elf zephyrmancer (D)
  An orc sorcerer (D)
  A shadow (D)
  A spatial vortex (D)
  4 orc warriors (D)
  A necrophage (D)
  A water elemental (D)
  A scorpion (D)
  2 orc priests (D)
  A jelly (D)
  A wizard (D)
  Jessica (D)
  2 orc wizards (D)
  A necromancer (D)
  3 humans (D)
  A kobold demonologist (D)
  9 orcs (D)
  2 endoplasms (D)
  A rat (D)
40 creatures vanquished.

Vanquished Creatures (others)
  A plant (D)
1 creature vanquished.

Grand Total: 41 creatures vanquished

Notes
Turn   | Place    | Note
-------+----------+-------------------------------------------
     0 | D        | mhtbhm the Deep Elf Earth Elementalist began the quest for
                  | the Orb.
     0 | D        | Reached XP level 1. HP: 10/10 MP: 6/6
    11 | D        | Reached skill level 4 in Spellcasting
    77 | D        | Noticed Jessica
    82 | D        | Killed Jessica
    83 | D        | Reached skill level 5 in Spellcasting
    83 | D        | Reached skill level 5 in Earth Magic
    83 | D        | Reached XP level 2. HP: 12/15 MP: 6/10
    83 | D        | Reached XP level 3. HP: 16/19 MP: 6/11
   125 | D        | Learned a level 2 spell: Passwall
   129 | D        | Learned a level 3 spell: Stone Arrow
   149 | D        | Gained mutation: Your flesh is heat resistant. (rF+)
                  | [potion of mutation]
   149 | D        | Gained mutation: Your magical capacity is low. (-10% MP)
                  | [potion of mutation]
   151 | D        | Noticed a scorpion
   161 | D        | Killed a scorpion
   162 | D        | Reached skill level 7 in Spellcasting
   162 | D        | Reached XP level 4. HP: 7/24 MP: 1/13
   430 | D        | Learned a level 4 spell: Petrify
   445 | D        | Noticed a water elemental
   449 | D        | Killed a water elemental
   450 | D        | Reached skill level 8 in Spellcasting
   450 | D        | Reached XP level 5. HP: 28/28 MP: 12/16
   474 | D        | Found a radiant altar of Vehumet.
   474 | D        | Found a shimmering blue altar of Sif Muna.
   474 | D        | Found an ancient bone altar of Kikubaaqudgha.
   480 | D        | Reached skill level 5 in Dodging
   482 | D        | Became a worshipper of Vehumet
   526 | D        | Found a basalt altar of Yredelemnul.
   526 | D        | Found a shadowy altar of Dithmenos.
   526 | D        | Found a sacrificial altar of Ru.
   530 | D        | Reached skill level 9 in Spellcasting
   530 | D        | Reached skill level 10 in Earth Magic
   530 | D        | Reached * piety under Vehumet
   530 | D        | Offered knowledge of Magic Dart by Vehumet.
   531 | D        | Reached XP level 6. HP: 24/32 MP: 13/19
   567 | D        | Found a glowing silver altar of Zin.
   567 | D        | Found a glowing golden altar of the Shining One.
   567 | D        | Found a white marble altar of Elyvilon.
   567 | D        | Noticed a deep elf pyromancer
   569 | D        | Killed a deep elf pyromancer
   570 | D        | Reached skill level 5 in Stealth
   570 | D        | Reached skill level 13 in Spellcasting
   570 | D        | Reached XP level 7. HP: 27/37 MP: 18/23
   659 | D        | Found a hide-covered altar of Uskayaw.
   659 | D        | Found an iron altar of Okawaru.
   659 | D        | Found a bloodstained altar of Trog.
   659 | D        | Found an ornate altar of the Wu Jian Council.
   659 | D        | Noticed a human
   659 | D        | Noticed a human
   693 | D        | Killed a human
   700 | D        | Killed a human
   700 | D        | Offered knowledge of Static Discharge by Vehumet.
   700 | D        | Reached ** piety under Vehumet
   701 | D        | Reached skill level 1 in Fighting
   701 | D        | Reached skill level 14 in Spellcasting
   701 | D        | Reached XP level 8. HP: 10/43 MP: 20/25
  1022 | D        | Found a blossoming altar of Fedhas.
  1022 | D        | Found a stormy altar of Qazlal.
  1022 | D        | Found a snail-covered altar of Cheibriados.
  1022 | D        | Found a burning altar of Makhleb.
  1022 | D        | Found a shimmering altar of Xom.
  1023 | D        | Found a hazy altar of Hepliaklqana.
  1023 | D        | Found an opulent altar of Gozag.
  1023 | D        | Found a sparkling altar of Nemelex Xobeh.
  1023 | D        | Found a corrupted altar of Lugonu.
  1023 | D        | Found a viscous altar of Jiyva.
  1026 | D        | Offered knowledge of Poisonous Vapours by Vehumet.
  1026 | D        | Reached *** piety under Vehumet
  1027 | D        | Reached skill level 15 in Spellcasting
  1097 | D        | Noticed Erica
  1106 | D        | Killed Erica
  1107 | D        | Reached skill level 16 in Spellcasting
  1107 | D        | Reached skill level 1 in Conjurations
  1205 | D        | Learned a level 3 spell: Inner Flame
  1215 | D        | Offered knowledge of Mephitic Cloud by Vehumet.
  1216 | D        | Reached XP level 9. HP: 47/47 MP: 23/28
  1218 | D        | Reached skill level 17 in Spellcasting
  1218 | D        | Reached skill level 15 in Earth Magic
  1218 | D        | Reached **** piety under Vehumet
  1228 | D        | Reached ***** piety under Vehumet
  1232 | D        | Noticed an orc sorcerer
  1237 | D        | Killed an orc sorcerer
  1238 | D        | Reached skill level 18 in Spellcasting
  1238 | D        | Reached skill level 1 in Hexes
  1238 | D        | Reached skill level 1 in Fire Magic
  1269 | D        | Reached ****** piety under Vehumet
  1270 | D        | Found Huboo's Assorted Antiques.
  1342 | D        | Bought a scroll of blinking for 172 gold pieces
  1402 | D        | Learned a level 3 spell: Mephitic Cloud
  1404 | D        | Noticed a deep elf zephyrmancer
  1404 | D        | Noticed a deep elf knight
  1404 | D        | Noticed a deep elf pyromancer
  1404 | D        | Noticed a deep elf pyromancer
  1404 | D        | Noticed a deep elf pyromancer
  1416 | D        | Killed a deep elf pyromancer
  1416 | D        | Offered knowledge of Iskenderun's Battlesphere by Vehumet.
  1417 | D        | Reached skill level 19 in Spellcasting
  1419 | D        | Killed a deep elf pyromancer
  1427 | D        | Killed a deep elf knight
  1428 | D        | Reached skill level 20 in Spellcasting
  1428 | D        | Reached XP level 10. HP: 18/52 MP: 19/32
  1429 | D        | Killed a deep elf zephyrmancer
  1430 | D        | Reached skill level 1 in Air Magic
  1435 | D        | Killed from afar by a deep elf pyromancer

Illustrated notes

Levels and vault maps discovered:
D:        dungeon_sprint_mu [sprint_mu_entry_cave, sprint_mu_temple_rooms,
          sprint_mu_d1_horrors, sprint_mu_d2_genie, sprint_mu_d3_branching,
          sprint_mu_orc_legion, sprint_mu_elf_gauntlet, sprint_mu_hive_nellie,
          sprint_mu_lair_fedhas, sprint_mu_vaults_butterflies,
          sprint_mu_slime_circle, sprint_mu_swamp_cave, sprint_mu_snake_twists,
          sprint_mu_blade_basic, sprint_mu_crypt_lich, sprint_mu_tomb_spiral,
          sprint_mu_vestibule_basic, sprint_mu_gehenna_hellfire,
          sprint_mu_dis_giant, sprint_mu_tartarus_statrot,
          sprint_mu_cocytus_islands, sprint_mu_zot1]

Skill      XL: |  1  2  3  4  5  6  7  8  9 10 |
---------------+-------------------------------+-----
Spellcasting   | 5 7 8 9 13 14 16 20 | 20.4
Dodging        | 3 4 5 6 7 |  7.5
Stealth        | 3 4 5 |  5.8
Earth Magic    | 5 7 8 10 12 13 14 16 | 16.8
Transmutations | 2 3 |  3.1
Fighting       | 1 |  1.6
Conjurations   | 1 3 |  3.3
Hexes          | 2 |  2.8
Fire Magic     | 2 3 |  3.0
Air Magic      | 1 |  1.0
Poison Magic   | |  0.9
Evocations     | |  0.7

Action                   |  1- 3 |  4- 6 |  7- 9 | 10-12 || total
-------------------------+-------+-------+-------+-------++-------
Melee: Unarmed           |       |       |       |     1 ||     1
 Cast: Sandblast         |    12 |    12 |    51 |     2 ||    77
       Stone Arrow       |     1 |       |     7 |       ||     8
       Passwall          |     1 |       |       |       ||     1
       Inner Flame       |       |       |     5 |       ||     5
       Mephitic Cloud    |       |       |     3 |       ||     3
       Petrify           |       |       |     1 |       ||     1
Evoke: Phantom mirror    |       |       |     1 |     1 ||     2
  Use: Potion            |     2 |       |     3 |     1 ||     6
       Scroll            |       |       |     1 |       ||     1
Armor: Robe              |     1 |     1 |     2 |       ||     4
Dodge: Dodged            |     1 |     3 |    14 |       ||    18

Table legend: (Time is in decaauts)
 A = Elapsed time spent in this place.
 B = Non-inter-level travel time spent in this place.
 C = Inter-level travel time spent in this place.
 D = Time resting spent in this place.
 E = Time spent auto-exploring this place.
 F = Levels seen in this place.
 G = Mean time per level.
                   A        B        C        D        E       F      G
               +--------+--------+--------+--------+--------+-----+--------+
         Total |   1464 |   1464 |      0 |    739 |    278 |   1 | 1464.0 |
       Dungeon |   1464 |   1464 |      0 |    739 |    278 |   1 | 1464.0 |
               +--------+--------+--------+--------+--------+-----+--------+

Top non-repeatable levels by time:
       D: 1464 daAuts
